 Dungeon Crawl Stone Soup version 0.30-a0-341-g682706514a (webtiles) character file.

Game seed: 5159336733124285150

60 retardedninja the Trooper (level 4, -3/40 HPs)
             Began as a Hill Orc Fighter on Nov 4, 2022.
             Slain by Robin
             ... wielding a +8 spear of freezing
              (4 damage)
             ... on level 2 of the Dungeon.
             The game lasted 00:01:28 (1379 turns).

retardedninja the Trooper (Hill Orc Fighter)        Turns: 1379, Time: 00:01:28

Health: -3/40      AC:  7    Str: 20    XL:     4   Next: 6%
Magic:  4/4        EV:  9    Int:  8    God:
Gold:   71         SH:  4    Dex: 10    Spells: 3/3 levels left

rFire   . . .      SeeInvis .    a - +0 war axe
rCold   . . .      Faith    .    c - +0 buckler
rNeg    . . .      Spirit   .    b - +0 scale mail
rPois   .          Reflect  .    (no helmet)
rElec   .          Harm     .    (no cloak)
rCorr   .          Rampage  .    (no gloves)
Will    .....                    (no boots)
Stlth   ..........               (no amulet)
HPRegen 0.26/turn                (no ring)
MPRegen 0.09/turn                (no ring)

@: no status effects
A: no striking features
a: no special abilities


You were on level 2 of the Dungeon.
You visited 1 branch of the dungeon, and saw 2 of its levels.

You collected 71 gold pieces.

Inventory:

Hand Weapons
 a - a +0 war axe (weapon)
Armour
 b - a +0 scale mail (worn)
 c - a +0 buckler (worn)
 k - a +0 pair of gloves
Scrolls
 f - a scroll of identify {unknown}
 g - a scroll of silence {unknown}
 h - a scroll of teleportation {unknown}
 l - a scroll of fear {unknown}
Potions
 d - a potion of might
 e - a potion of curing {unknown}
 i - a potion of haste {unknown}
 j - a potion of berserk rage {unknown}
 m - a potion of cancellation {unknown}


   Skills:
 + Level 4.2 Fighting
 + Level 3.5 Axes
 + Level 3.9 Armour
 + Level 3.9 Shields


You had 3 spell levels left.
You didn't know any spells.
Your spell library contained the following spells:

 Spells                   Type           Power      Damage    Failure   Level
 Kiss of Death            Conj/Necr      0%         2d5       85%         1
 Confusing Touch          Hex            0%         N/A       99%         3
 Dazzling Flash           Conj/Hex       0%         N/A       99%         3
 Inner Flame              Hex/Fire       0%         N/A       99%         3
 Vhi's Electric Charge    Tloc/Air       0%         N/A       99%         3
 Dispel Undead            Necr           0%         3d6       100%        4
 Fulminant Prism          Conj/Hex       0%         3d5       100%        4
 Agony                    Necr           0%         N/A       100%        5
 Arcjolt                  Conj/Air       0%         1d10      100%        5
 Freezing Cloud           Conj/Ice/Air   0%         6-21      100%        5
 Silence                  Hex/Air        0%         N/A       100%        5
 Conjure Ball Lightning   Conj/Air       0%         3x3d6     100%        6
 Maxwell's Capacitive Co  Air            0%         ∞         100%        8


Dungeon Overview and Level Annotations

Branches:
Dungeon (2/15)

Altars:

Annotations:
D:2 Robin


Message History

You kill the goblin!
You barely miss the rat. You closely miss the goblin.
The goblin hits you but does no damage. The rat closely misses you.
Robin throws the goblin at you!
Unknown command.
You hit the rat.
You kill the rat!
You hit the goblin. The goblin hits you with a +0 club.
Robin closely misses you. The goblin barely misses you.
Robin barely misses you.
Unknown command.
You slash the goblin!
You kill the goblin!
Robin misses you.
Unknown command.
Found a stone staircase leading down.
Robin hits you with a +8 spear of freezing!
Robin freezes you.
Things that are here:
a +0 club; a +0 dagger Unknown command.
You slash Robin!
Robin is heavily wounded.
Robin hits you with a +8 spear of freezing.
Robin freezes you.
Unknown command.
You are too injured to fight recklessly!
Unknown command.
You are too injured to fight recklessly!
You barely miss Robin.
Robin is heavily wounded.
Robin hits you with a +8 spear of freezing!
* * * LOW HITPOINT WARNING * * *
Robin freezes you.
* * * LOW HITPOINT WARNING * * *
Robin hits you but does no damage.
You hit Robin but do no damage.
Robin is heavily wounded.
Robin hits you with a +8 spear of freezing.
You die...

# #. .####+#
.....#######
#.#>........
#########.##)#......
............).......
.......).##@.......
.........##g.......
...##.).)##........
# #....'.<.......
#....####......
####....# ......
#.....### ......
#.##### ...... #.#


You could see Robin.

Vanquished Creatures
  An adder (D:2)
  3 dart slugs (D:1)
  2 endoplasms
  3 giant cockroaches (D:1)
  15 goblins
  2 hobgoblins
  A quokka (D:1)
  A ball python (D:1)
  2 bats (D:1)
  2 frilled lizards (D:1)
  7 kobolds (D:1)
  4 rats
43 creatures vanquished.

Notes
Turn   | Place    | Note
-------+----------+-------------------------------------------
     0 | D:1      | retardedninja the Hill Orc Fighter began the quest for the
                  | Orb.
     0 | D:1      | Reached XP level 1. HP: 19/19 MP: 1/1
   109 | D:1      | Reached XP level 2. HP: 16/27 MP: 2/2
   660 | D:1      | Reached skill level 4 in Fighting
   660 | D:1      | Reached XP level 3. HP: 29/33 MP: 3/3
   820 | D:1      | Got Sif Muna's Book of the Alluring Welkin
  1365 | D:2      | Noticed Robin
  1373 | D:2      | Reached XP level 4. HP: 30/40 MP: 4/4
  1378 | D:2      | HP: 1/40 [Robin/+8 spear of freezing (4)]
  1379 | D:2      | Slain by Robin

Illustrated notes

Levels and vault maps discovered:
D:1:      dpeg_arrival_snail, layout_basic, serial_curves, eino_curves_01,
          eino_curves_03
D:2:      layout_basic, basic_altar, minmay_misc_feat_iff, uniq_sigmund,
          uniq_robin

Skill      XL: |  1  2 |
---------------+-------+-----
Axes           | 3 |  3.5
Fighting       | 4 |  4.2
Armour         | |  3.9
Shields        | |  3.9

Action                   |  1- 3 |  4- 6 || total
-------------------------+-------+-------++-------
Melee: War axe           |    82 |     6 ||    88
Armor: Scale mail        |    37 |     3 ||    40
Dodge: Dodged            |    31 |     5 ||    36
Block: Buckler           |    20 |       ||    20

Table legend: (Time is in decaauts)
 A = Elapsed time spent in this place.
 B = Non-inter-level travel time spent in this place.
 C = Inter-level travel time spent in this place.
 D = Time resting spent in this place.
 E = Time spent auto-exploring this place.
 F = Levels seen in this place.
 G = Mean time per level.
                   A        B        C        D        E       F      G
               +--------+--------+--------+--------+--------+-----+--------+
         Total |   1412 |   1346 |     66 |    100 |   1028 |   2 |  706.0 |
       Dungeon |   1412 |   1346 |     66 |    100 |   1028 |   2 |  706.0 |
               +--------+--------+--------+--------+--------+-----+--------+

Top non-repeatable levels by time:
     D:1: 1206 daAuts
     D:2: 206 daAuts
